 Dungeon Crawl Stone Soup version 0.21-a0-396-ga924934 (webtiles) character file.

255 Kavrick the Slasher (level 5, 0/41 HPs)
             Began as a Demonspawn Gladiator on Oct 19, 2017.
             Succumbed to a gnoll's poison
             ... on level 4 of the Dungeon.
             The game lasted 00:04:50 (2832 turns).

Kavrick the Slasher (Demonspawn Gladiator)          Turns: 2832, Time: 00:04:51

Health: 0/41       AC: 10    Str: 18 (21) XL:     5   Next: 91%
Magic:  5/5        EV: 17    Int: 10 (11) God:
Gold:   200        SH:  0    Dex: 18 (19) Spells: 4/4 levels left

rFire    . . .     SeeInvis .   a - +0 long sword
rCold    . . .     Gourm    .   (no shield)
rNeg     . . .     Faith    .   m - +0 chain mail
rPois    .         Spirit   .   c - +1 helmet
rElec    .         Reflect  .   (no cloak)
rCorr    .         Harm     .   (no gloves)
MR       .....                  (no boots)
Stlth    ..........             u - amulet of regeneration
HPRegen  0.53/turn              t - +2 ring of intelligence
MPRegen  0.09/turn              (no ring)

@: mighty, agile, lethally poisoned (0 -> -9), flying
A: hooves 2, repulsion field 2
a: no special abilities


You were on level 4 of the Dungeon.
You were not hungry.

You visited 1 branch of the dungeon, and saw 4 of its levels.

You collected 200 gold pieces.

Inventory:

Hand Weapons
 a - a +0 long sword (weapon)
Missiles
 d - 3 throwing nets (quivered)
Armour
 c - a +1 helmet (worn)
 m - a +0 chain mail (worn)
Jewellery
 t - a +2 ring of intelligence (left hand)
 u - an amulet of regeneration (around neck)
Wands
 s - a wand of flame (33/48)
Scrolls
 b - a scroll of teleportation {unknown}
 e - a scroll of enchant armour
 g - a scroll of identify
 l - 2 scrolls of remove curse
 q - a scroll of amnesia
 r - a scroll of enchant weapon {unknown}
Potions
 i - 3 potions of flight
 v - a potion of curing {unknown}
 w - a potion of haste {unknown}
Comestibles
 f - 3 bread rations
 h - a chunk of flesh
 n - 2 royal jellies
 o - a meat ration


   Skills:
 + Level 3.2 Fighting
 * Level 4.4 Long Blades
 - Level 1.7 Throwing
 + Level 2.0 Armour
 + Level 3.6 Dodging


You had 4 spell levels left.
You didn't know any spells.

Dungeon Overview and Level Annotations

Branches:
Dungeon (4/15)
 Temple: D:4-7

Altars:
Xom


Innate Abilities, Weirdness & Mutations

You have hoof-like feet.
You are surrounded by a moderate repulsion field. (EV +3)


Message History

* * * LOW HITPOINT WARNING * * *
You feel sick.
The orc priest casts a cantrip, but nothing happens.
The leopard gecko closely misses you.
It was a potion of degeneration.
There was something very wrong with that liquid.
You feel weakened.
You feel dopey.
You feel clumsy.
* * * LOW HITPOINT WARNING * * *
You feel sick. The leopard gecko bites you.
* * * LOW HITPOINT WARNING * * *
It was a potion of agility.
You feel agile all of a sudden.
* * * LOW HITPOINT WARNING * * *
You feel sick.
The orc priest miscasts a cantrip.
The gnoll hits you but does no damage.
The leopard gecko bites you but does no damage.
It was a potion of might.
You feel very mighty all of a sudden.
You die...

#....................
####....................
#.......................
#.#..............(......
#.#.#.............########
#.#.#...o..........#
#####.#>..gg.....#####'######
........#.##o##### #........#
#####.#.#.##o@# #........#
###.#.#g###l######........#
#...#.#g###..........######.
###+#.g.a..##.................
.
#.+_+......###................
.. #.#'#.o....#
#..######........
...#..........#
#......#........
.........#...##
..###.#........ .........#####
#.#.(.#........


You could see an orc priest, 2 gnolls, 2 orcs and a leopard gecko.

Vanquished Creatures
  A scorpion (D:4)
  An orc wizard (D:3)
  An iguana (D:3)
  6 adders
  4 worms
  2 leopard geckos (D:3)
  8 orcs (D:3)
  A ball python (D:2)
  9 bats
  3 giant cockroaches
  12 goblins
  5 hobgoblins
  6 jackals
  5 frilled lizards
  7 kobolds
  8 rats
79 creatures vanquished.

Notes
Turn   | Place    | Note
-------+----------+-------------------------------------------
     0 | D:1      | Kavrick the Demonspawn Gladiator began the quest for the Orb.
     0 | D:1      | Reached XP level 1. HP: 16/16 MP: 1/1
   212 | D:1      | Gained mutation: You have large cloven feet. [demonic ancestry]
   212 | D:1      | Reached XP level 2. HP: 13/22 MP: 2/2
   225 | D:1      | Reached skill level 3 in Long Blades
   729 | D:1      | Gained mutation: You are surrounded by a mild repulsion field. (EV +2) [demonic ancestry]
   729 | D:1      | Reached XP level 3. HP: 28/28 MP: 3/3
   897 | D:2      | Reached skill level 1 in Armour
  1199 | D:2      | Gained mutation: You are surrounded by a moderate repulsion field. (EV +3) [demonic ancestry]
  1199 | D:2      | Reached XP level 4. HP: 26/34 MP: 4/4
  2318 | D:3      | Gained mutation: You have hoof-like feet. [demonic ancestry]
  2318 | D:3      | Reached XP level 5. HP: 40/40 MP: 5/5
  2428 | D:3      | Reached skill level 4 in Long Blades
  2798 | D:4      | Found a shimmering altar of Xom.
  2830 | D:4      | HP: 2/41 [leopard gecko (3)]
  2832 | D:4      | Succumbed to a gnoll's poison

Vault maps used:
D:1:      evilmike_arrival_run_for_it, minmay_close_crescents
D:2:      minmay_ruptured
D:3:      kennysheep_small_spiral
D:4:      cheibrodos_thug_alley, kennysheep_mini, first_bread,
          minmay_hedge_maze, uniq_robin

Skill      XL: |  1  2  3  4  5 |
---------------+----------------+-----
Long Blades    | 3 4 |  4.4
Armour         | 1 2 |  2.0
Dodging        | 3 |  3.6
Fighting       | 3 |  3.2
Throwing       | |  1.7

Action                   |  1- 3 |  4- 6 || total
-------------------------+-------+-------++-------
Melee: Long sword        |    88 |    94 ||   182
       Kick              |    22 |    28 ||    50
  Use: Scroll            |       |     9 ||     9
       Potion            |       |     4 ||     4
  Eat: Chunk             |     1 |     5 ||     6
Armor: Leather armour    |    26 |       ||    26
       Ring mail         |    13 |    14 ||    27
       Chain mail        |       |    19 ||    19
Dodge: Dodged            |   112 |    77 ||   189
       Rpst.: Long sword |    37 |    28 ||    65

Table legend:
 A = Spawn XP
 B = Non-spawn XP
 C = Spawn XP percentage of total XP
 D = Spawn monster count
 E = Non-spawn monster count
 F = Spawn count percentage of total count
 G = Total turns spent on level
                    A         B        C        D         E        F      G
               +---------+---------+-------+---------+---------+-------+---------
         Total |       0 |     365 |   0.0 |       0 |      79 |   0.0 |  2832
               +---------+---------+-------+---------+---------+-------+---------
           D:1 |       0 |      46 |   0.0 |       0 |      27 |   0.0 |   877
           D:2 |       0 |      94 |   0.0 |       0 |      26 |   0.0 |   849
           D:3 |       0 |     151 |   0.0 |       0 |      24 |   0.0 |   947
           D:4 |       0 |      74 |   0.0 |       0 |       2 |   0.0 |   159
               +---------+---------+-------+---------+---------+-------+---------
